 Dungeon Sprint DCSS version 0.30-a0-862-g1aabd4f9c5 (webtiles) character file.

Game seed: 8609902815127199628

357 dialectric the Unseen (level 6, -7/34 HPs)
             Began as a Spriggan Brigand on Mar 8, 2023.
             Mangled by a tentacle (24 damage)
             ... attached to a kraken
             ... in the Dungeon (Sprint II: "The Violet Keep of Menkaure").
             The game lasted 00:00:48 (72 turns).

dialectric the Unseen (Spriggan Brigand)              Turns: 72, Time: 00:00:49

Health: -7/34      AC:  3    Str:  9    XL:     6   Next: 36%
Magic:  7/7        EV: 17    Int: 13    God:
Gold:   243        SH:  0    Dex: 16    Spells: 5/5 levels left

rFire   . . .      SeeInvis +    a - +2 dagger
rCold   . . .      Faith    .    (no shield)
rNeg    . . .      Spirit   .    b - +0 robe
rPois   .          Reflect  .    (helmet restricted)
rElec   .          Rampage  .    c - +0 cloak
rCorr   .          NoTele   +    (gloves unavailable)
Will    +....                    (boots unavailable)
Stlth   +++++++                  (no amulet)
HPRegen 0.25/turn                (no ring)
MPRegen 0.10/turn                (no ring)

@: on berserk cooldown, very quick
A: very small, no large weapons, unfitting armour, see invisible, speed 3
a: no special abilities


You were in the Dungeon.
You visited 1 branch You collected 243 gold pieces.

Inventory:

Hand Weapons
 a - a +2 dagger (weapon)
Missiles
 d - 9 poisoned darts (quivered)
 e - 3 curare-tipped darts
Armour
 b - a +0 robe (worn)
 c - a +0 cloak (worn)
Scrolls
 k - a scroll of blinking
Potions
 f - a potion of curing
 g - a potion of heal wounds
 h - a potion of haste
 i - 2 potions of magic


   Skills:
 * Level 4.5 Fighting
 + Level 6.1 Short Blades
 - Level 3.3 Throwing
 - Level 2.0 Dodging
 + Level 17.4 Stealth


You had 5 spell levels left.
You didn't know any spells.
Your spell library was empty.

Dungeon Overview and Level Annotations

Branches:
Dungeon (1/1)

Altars:
Cheibriados
Dithmenos
Elyvilon
Fedhas
Gozag
Hepliaklqana
Kikubaaqudgha
Makhleb
Qazlal
Ru
Sif Muna
Trog
Wu Jian
Xom
Jiyva
Lugonu


Innate Abilities, Weirdness & Mutations

You are very small and have problems with some larger weapons.
You are too small for most types of armour.
You have supernaturally acute eyesight. (SInv)
You cover ground extremely quickly. (Speed+++)


Message History

You feel yourself slow down.
You start resting.
HP restored.
You open the door.
Menkaure, Prince of Dust comes into view.
There is an open door here.
Found a water moccasin corpse.
The helpless Menkaure fails to defend himself.
You perforate Menkaure like a sieve!!!!
You destroy Menkaure!
Your Fighting skill increases to level 4!
Your Short Blades skill increases to level 6!
Your Stealth skill gained 2 levels and is now at level 17!
You have reached level 6!
Found a stormy altar of Qazlal and an ornate altar of the Wu Jian Council.
Found a hazy altar of Hepliaklqana and a sacrificial altar of Ru.
Found three altars.
Found four altars.
Found a shadowy altar of Dithmenos and a corrupted altar of Lugonu.
Really walk into a travel-excluded area?
You enter the shallow water.
Moving in this stuff is going to be slow.
Found a white marble altar of Elyvilon and a burning altar of Makhleb.
Found a blossoming altar of Fedhas.
You open the door.
Found 5 stones.
Found an opulent altar of Gozag.
Found a pair of boots, a potion of magic and an emerald potion.
You feel yourself speed up.
Found nine items.
Found fifteen items.
Found six items.
Found six items.
A kraken comes into view.
Tentacles burst out of the water!
A tentacle comes into view.
You open the door. The tentacle slaps you!
Ouch! That really hurt!
Found six items.
The tentacle slaps you!!
Ouch! That really hurt!
You die...

▓(=$:$?$[▓▓ +.###
:▓$?((!$$$▓▓ ...#
#▓?(!$(($?▓▓ #..#
#▓[??=$(!!▓▓ +..#
#▓$)[$?$))▓▓ #.^#
#▓?!?!?)(!▓▓
###..####▓[[(!?()"▓▓
.###...##▓▓▓▓▓▓▓@▓▓▓▓+▓
...~~~~~~~~~~~~~w──≈w≈▓
...~#'########+###.Xw≈▓
~..~#.._.....#~~§##w≈≈▓
§~.~#._._....#~§§§####▓
~~~~#_._._...#~~~~≈
≈~~~#._._._..#~§S≈≈≈
≈≈≈~#_._._._.#§§~~§§
##§≈#._._._._#~S~§≈


You could see a kraken and 4 tentacles.

Vanquished Creatures
  Menkaure (D)
  4 necrophages (D)
5 creatures vanquished.

Vanquished Creatures (others)
  A water moccasin (D)
1 creature vanquished.

Grand Total: 6 creatures vanquished

Notes
Turn   | Place    | Note
-------+----------+-------------------------------------------
     0 | D        | dialectric the Spriggan Brigand began the quest for the
                  | Orb.
     0 | D        | Reached XP level 1. HP: 10/10 MP: 2/2
     1 | D        | Noticed a boulder beetle
     1 | D        | Noticed a boulder beetle
     4 | D        | Noticed a necrophage
     4 | D        | Noticed a necrophage
     4 | D        | Noticed a necrophage
     4 | D        | Noticed a necrophage
    10 | D        | Killed a necrophage
    11 | D        | Reached skill level 11 in Stealth
    11 | D        | Reached XP level 2. HP: 15/15 MP: 3/3
    11 | D        | Reached XP level 3. HP: 18/18 MP: 4/4
    15 | D        | Killed a necrophage
    16 | D        | Reached skill level 13 in Stealth
    16 | D        | Reached XP level 4. HP: 23/23 MP: 5/5
    16 | D        | Killed a water moccasin
    22 | D        | Killed a necrophage
    23 | D        | Reached skill level 14 in Stealth
    23 | D        | Reached XP level 5. HP: 28/28 MP: 6/6
    26 | D        | Reached skill level 5 in Short Blades
    26 | D        | Reached skill level 15 in Stealth
    48 | D        | Noticed Menkaure
    51 | D        | Killed Menkaure
    52 | D        | Reached skill level 17 in Stealth
    52 | D        | Reached XP level 6. HP: 34/34 MP: 7/7
    52 | D        | Found a stormy altar of Qazlal.
    52 | D        | Found an ornate altar of the Wu Jian Council.
    53 | D        | Found a hazy altar of Hepliaklqana.
    53 | D        | Found a sacrificial altar of Ru.
    54 | D        | Found a viscous altar of Jiyva.
    54 | D        | Found a shimmering blue altar of Sif Muna.
    55 | D        | Found a snail-covered altar of Cheibriados.
    55 | D        | Found an ancient bone altar of Kikubaaqudgha.
    55 | D        | Found a shimmering altar of Xom.
    55 | D        | Found a bloodstained altar of Trog.
    56 | D        | Found a shadowy altar of Dithmenos.
    56 | D        | Found a corrupted altar of Lugonu.
    57 | D        | Found a white marble altar of Elyvilon.
    57 | D        | Found a burning altar of Makhleb.
    58 | D        | Found a blossoming altar of Fedhas.
    60 | D        | Found an opulent altar of Gozag.
    63 | D        | Noticed a water moccasin
    64 | D        | Noticed a water moccasin
    68 | D        | Noticed a kraken
    72 | D        | Mangled by a tentacle

Illustrated notes

Levels and vault maps discovered:
D:        the_violet_keep_of_menkaure [sprint2_stairs_cluster_1,
          sprint2_shoproom, sprint2_temple, sprint2_basic_supplies,
          sprint2_obstacle_3, sprint2_obstacle_2, sprint2_obstacle_1,
          sprint2_obstacle_4, sprint2_obstacle_6, sprint2_timed_cluster_1,
          sprint2_smallroom_cluster_1, sprint2_smallroom_final_cluster_1,
          sprint2_transparent_cluster_1, sprint2_second_timed_cluster_1,
          sprint2_sniper_area_1, sprint2_heavy_combat_area_1,
          sprint2_mutation_trap_area_1, sprint2_forest_area_1,
          sprint2_light_combat_area_1, sprint2_behind_water_1,
          sprint2_near_end_vault_1]

Skill      XL: |  1  2  3  4  5 |
---------------+----------------+-----
Fighting       | 2 3 4 |  4.5
Short Blades   | 3 4 6 |  6.1
Stealth        | 11 13 14 17 | 17.4
Throwing       | 3 |  3.3
Dodging        | 2 |  2.0

Action                     |  1- 3 |  4- 6 || total
---------------------------+-------+-------++-------
  Melee: Dagger            |    10 |    11 ||    21
    Use: Potion            |     1 |       ||     1
   Stab: Sleeping          |       |     1 ||     1
 Armour: Robe              |     2 |       ||     2
  Dodge: Dodged            |     2 |     1 ||     3

Table legend: (Time is in decaauts)
 A = Elapsed time spent in this place.
 B = Non-inter-level travel time spent in this place.
 C = Inter-level travel time spent in this place.
 D = Time resting spent in this place.
 E = Time spent auto-exploring this place.
 F = Levels seen in this place.
 G = Mean time per level.
                   A        B        C        D        E       F      G
               +--------+--------+--------+--------+--------+-----+--------+
         Total |     72 |     72 |      0 |     25 |      0 |   1 |   72.0 |
       Dungeon |     72 |     72 |      0 |     25 |      0 |   1 |   72.0 |
               +--------+--------+--------+--------+--------+-----+--------+

Top non-repeatable levels by time:
       D: 72 daAuts
